Map: Catalyseur EC

Players

HoldTheDoor

  • Race: Protoss Protoss
  • League: Diamond
  • Spawn Location: 5:00

Tweedeldum - Winner!

  • Race: Protoss Protoss
  • League: Platinum
  • Spawn Location: 11:00

VOD

Have the link to the VOD?

Description

Time

  • Played on: July 4, 2018, 1:10 p.m.
  • Length: 7:20
Show
View Real Time Build Order
Export as new Build Order

HoldTheDoor Protoss 

Build Orders:  

Get SALT Encoding   

  12  0:00  Probe  
  13  0:13  Probe  
  14  0:19  Pylon  
  14  0:25  Probe  
  15  0:36  Probe  
  15  0:41  Forge  
  16  0:45  Probe  
  17  0:59  Pylon  
  17  1:08  Pylon  
  17  1:27  Photon Cannon  
  17  1:47  Photon Cannon  
  17  1:49  Pylon  
  17  1:50  Probe  
  18  1:59  Assimilator  
  18  2:00  Gateway  
  18  2:06  Pylon  
  18  2:09  Photon Cannon  
  18  2:19  Photon Cannon  
  18  2:23  Photon Cannon  
  18  2:45  Zealot  
  18  2:46  Assimilator  
  18  3:04  Cybernetics Core  
  18  3:05  Zealot  
  18  3:09  Probe  
  21  3:21  Probe  
  22  3:30  Stalker  
  22  4:00  Stalker  
  21  4:24  Nexus  
  20  4:32  Stalker  
  14  5:13  Sentry  
  9  6:29  Probe  
  4  6:56  Probe  
  5  7:08  Probe  
Show
View Real Time Build Order
Export as new Build Order

Tweedeldum Protoss - Winner!

Build Orders: Cannon Rush 

Get SALT Encoding   

  12  0:01  Probe  
  13  0:13  Probe  
  14  0:19  Pylon  
  14  0:26  Probe  
  15  0:38  Probe  
  16  0:47  Forge  
  16  0:57  Probe  
  17  1:05  Probe  
  18  1:15  Pylon  
  18  1:25  Photon Cannon  
  18  1:44  Photon Cannon  
  18  1:46  Photon Cannon  
  18  1:53  Pylon  
  18  2:15  Photon Cannon  
  18  2:18  Photon Cannon  
  18  2:31  Photon Cannon  
  18  2:39  Photon Cannon  
  18  2:41  Pylon  
  18  3:01  Gateway  
  18  3:08  Photon Cannon  
  18  3:10  Photon Cannon  
  17  3:21  Photon Cannon  
  17  3:22  Photon Cannon  
  17  3:31  Assimilator  
  17  3:32  Probe  
  18  3:46  Assimilator  
  18  3:51  Cybernetics Core  
  18  3:59  Photon Cannon  
  18  4:02  Probe  
  19  4:10  Probe  
  20  4:19  Probe  
  20  4:22  Photon Cannon  
  21  4:30  Stalker  
  23  4:33  Warp Gate  
  23  4:45  Pylon  
  23  5:03  Shield Battery  
  23  5:05  Pylon  
  23  5:07  Stalker  
  25  5:33  Pylon  
  25  5:39  Photon Cannon  
  19  6:09  Stalker  
  10  6:44  Photon Cannon  
  10  7:03  Stalker  
  10  7:04  Probe  
Tags
 
Add a new tag
Caveats
  • Supply blocks, unpowered buildings, or Contaminate may cause inaccurate times.
  • Supply counts are checked every 10 seconds.